Map: King's Cove LE

Players

COWBOYS

  • Race: Terran Terran
  • League: Gold
  • Spawn Location: 5:00

jamestkirk - Winner!

  • Race: Protoss Protoss
  • League: Gold
  • Spawn Location: 11:00

VOD

Have the link to the VOD?

Description

PvT - defended Planetary Fortress Rush

Time

  • Played on: Jan. 31, 2019, 1:16 p.m.
  • Length: 5:39
Show
View Real Time Build Order
Export as new Build Order

COWBOYS Terran 

Build Orders:  

Get SALT Encoding   

  12  0:20  Supply Depot  
  12  0:37  SCV  
  13  0:47  Refinery  
  13  0:51  Refinery  
  13  1:26  Command Center  
  13  1:41  SCV  
  14  2:10  Engineering Bay  
  14  2:56  Barracks  
  14  3:42  SCV  
  14  3:47  Planetary Fortress  
  15  3:54  SCV  
  16  4:06  SCV  
  17  4:15  Bunker, Marine  
  18  4:18  SCV  
  19  4:33  Marine  
  20  4:57  Factory  
  20  4:58  SCV  
  21  5:10  SCV  
  22  5:22  SCV  
Show
View Real Time Build Order
Export as new Build Order

jamestkirk Protoss - Winner!

Build Orders:  

Get SALT Encoding   

  12  0:01  Probe  
  13  0:13  Probe  
  14  0:20  Pylon  
  14  0:25  Probe  
  15  0:39  Probe  
  15  0:41  Gateway  
  15  0:47  Probe  
  15  0:48  Assimilator  
  17  0:58  Probe, Assimilator  
  18  1:18  Gateway  
  18  1:38  Probe  
  19  1:44  Cybernetics Core  
  19  1:46  Probe  
  19  1:52  Pylon  
  19  1:54  Probe  
  21  2:01  Gateway  
  21  2:03  Zealot  
  23  2:14  Probe  
  24  2:23  Stalker  
  24  2:27  Warp Gate  
  24  2:28  Probe  
  27  2:40  Probe  
  28  2:52  Probe  
  29  3:04  Probe  
  30  3:16  Probe  
  31  3:20  Nexus  
  31  3:33  Pylon  
  31  3:46  Pylon  
  31  3:51  Probe  
  36  4:03  Probe  
  37  4:15  Probe  
  34  4:23  Stalker x3  
  40  4:25  Probe  
  41  4:33  Probe  
  42  4:41  Probe x2  
  44  4:49  Probe  
  44  4:53  Probe  
  44  4:58  Probe, Robotics Facility  
  46  5:03  Pylon  
  46  5:05  Probe, Shield Battery  
  48  5:10  Probe  
  49  5:17  Probe  
Tags
 
Add a new tag
Caveats
  • Supply blocks, unpowered buildings, or Contaminate may cause inaccurate times.
  • Supply counts are checked every 10 seconds.